 Dungeon Crawl Stone Soup version 0.26-a0-613-g4f23886233 (webtiles) character file.

Game seed: 231851140715619250

5 Gargoyl the Skirmisher (level 1, -3/23 HPs)
             Began as a Gnoll Abyssal Knight on Sept 11, 2020.
             Was a Follower of Lugonu.
             Slain by a sixfirhy (5 damage)
             ... on level 2 of the Abyss.
             The game lasted 00:00:30 (121 turns).

Gargoyl the Skirmisher (Gnoll Abyssal Knight)        Turns: 121, Time: 00:00:30

Health: -3/23      AC:  3    Str: 14    XL:     1   Next: 80%
Magic:  3/3        EV: 12    Int: 14    God:    Lugonu [*.....]
Gold:   0          SH:  0    Dex: 14    Spells: 0/0 levels left

rFire    . . .     SeeInvis .   a - +1 hand axe
rCold    . . .     Faith    .   (no shield)
rNeg     . . .     Spirit   .   b - +0 leather armour
rPois    .         Reflect  .   (no helmet)
rElec    .         Harm     .   (no cloak)
rCorr    .                      (no gloves)
MR       .....                  (no boots)
Stlth    +.........             (no amulet)
HPRegen  0.07/turn              (no ring)
MPRegen  0.08/turn              (no ring)

@: no status effects
A: distributed training, fangs 1, strong nose
a: Depart the Abyss, Renounce Religion


You were on level 2 of the Abyss.
You worshipped Lugonu.
Lugonu was aware of your devotion.
You visited 0 branches of the dungeon, and saw 0 of its levels.
You visited the Abyss 1 time.

Inventory:

Hand Weapons
 a - a +1 hand axe (weapon)
Armour
 b - a +0 leather armour (worn)


   Skills:
 + Level 6.4 Fighting
 + Level 0.1 Short Blades
 + Level 0.1 Long Blades
 + Level 4.4 Axes
 + Level 0.1 Maces & Flails
 + Level 0.1 Polearms
 + Level 0.1 Staves
 + Level 0.1 Slings
 + Level 0.1 Bows
 + Level 0.1 Crossbows
 + Level 0.1 Throwing
 + Level 4.4 Armour
 + Level 2.4 Dodging
 + Level 0.1 Stealth
 + Level 0.1 Shields
 + Level 0.1 Unarmed Combat
 + Level 0.1 Spellcasting
 + Level 0.1 Conjurations
 + Level 0.1 Hexes
 + Level 0.1 Summonings
 + Level 0.1 Necromancy
 + Level 0.1 Translocations
 + Level 0.1 Transmutations
 + Level 0.1 Fire Magic
 + Level 0.1 Ice Magic
 + Level 0.1 Air Magic
 + Level 0.1 Earth Magic
 + Level 0.1 Poison Magic
 + Level 4.4 Invocations
 + Level 0.1 Evocations


You couldn't memorise any spells.
You didn't know any spells.
Your spell library was empty.

Dungeon Overview and Level Annotations

Branches:
Dungeon (0/15)

Altars:


Innate Abilities, Weirdness & Mutations

Your experience applies equally to all skills.
You have very sharp teeth.
Your uncanny sense of smell can sniff out nearby items.


Message History

The ufetubus splashes around in the water.
The ufetubus hits you. x3
You hit the ufetubus.
You kill the ufetubus!
You enter the shallow water.
Moving in this stuff is going to be slow.
An apocalypse crab comes into view.
The apocalypse crab breathes chaos at you.
A sixfirhy comes into view.
The apocalypse crab breathes chaos at you.
Found an encrusted bronze wand.
An insubstantial wisp comes into view.
You miss the insubstantial wisp.
The insubstantial wisp gives a chilling moan.
You closely miss the sixfirhy.
You hear a chilling moan. x5
The sixfirhy hits you. The sixfirhy shocks you!
* * * LOW HITPOINT WARNING * * *
The sixfirhy hits you.
You die...

♣# #..
#.#.......##.# ≈
##.#.#.#...... ....#
...#....#§....##..#
..##.####.§#.#.....#
. ###.....# §# #
..#.#... ≈..#
#...### #.##
≈≈...##.#.# ## #
#......3#..# .#
.##....@###.#
#§.##v## .# # #.. #
#.. #.. ##/ .# .


You could see a sixfirhy and an insubstantial wisp.

Vanquished Creatures
  An ufetubus (Abyss:2)
1 creature vanquished.

Notes
Turn   | Place    | Note
-------+----------+-------------------------------------------
     0 | Abyss:1  | Gargoyl the Gnoll Abyssal Knight began the quest for the
                  | Orb.
     0 | Abyss:1  | Reached XP level 1. HP: 23/23 MP: 3/3
    50 | Abyss:2  | Found a corrupted altar of Lugonu.
    84 | Abyss:2  | Noticed an apocalypse crab
   117 | Abyss:2  | Noticed a sixfirhy
   120 | Abyss:2  | Noticed an insubstantial wisp
   121 | Abyss:2  | Slain by a sixfirhy

Illustrated notes

Levels and vault maps discovered:
Abyss:2:  evilmike_abyss_exit_glass, evilmike_abyss_exit_6

Action                   || total
-------------------------++-------
Melee: Hand axe          ||     6
       Bite              ||     1
  Use: Scroll            ||     2
Dodge: Dodged            ||     5

Table legend: (Time is in decaauts)
 A = Elapsed time spent in this place.
 B = Non-inter-level travel time spent in this place.
 C = Inter-level travel time spent in this place.
 D = Time resting spent in this place.
 E = Time spent auto-exploring this place.
 F = Levels seen in this place.
 G = Mean time per level.
                   A        B        C        D        E       F      G
               +--------+--------+--------+--------+--------+-----+--------+
         Total |    124 |    124 |      0 |      0 |     62 |   2 |   62.0 |
         Abyss |    124 |    124 |      0 |      0 |     62 |   2 |   62.0 |
               +--------+--------+--------+--------+--------+-----+--------+

Top non-repeatable levels by time:
 Abyss:2: 85 daAuts
 Abyss:1: 39 daAuts
